 Dungeon Crawl Stone Soup version 0.27.1-4-g1640c2035a (webtiles) character file.

Game seed: 3635280153985330393

145 sable the Chopper (level 5, -4/47 HPs)
             Began as a Minotaur Berserker on Nov 4, 2021.
             Was a Believer of Trog.
             Slain by Sigmund (11 damage)
             ... on level 3 of the Dungeon on Nov 5, 2021.
             The game lasted 00:25:13 (2697 turns).

sable the Chopper (Minotaur Berserker)              Turns: 2697, Time: 00:25:13

Health: -4/47      AC:  7    Str: 23    XL:     5   Next: 6%
Magic:  0/4        EV: 10    Int:  4    God:    Trog [**....]
Gold:   104        SH:  0    Dex:  9    Spells: 4/4 levels left

rFire    . . .     SeeInvis .   a - +0 hand axe
rCold    + . .     Faith    .   (no shield)
rNeg     . . .     Spirit   +   o - +0 scale mail
rPois    .         Reflect  .   (helmet restricted)
rElec    .         Harm     .   (no cloak)
rCorr    .         Rampage  .   (no gloves)
Will     ++...                  (no boots)
Stlth    ..........             f - amulet of guardian spirit
HPRegen  1.15/turn              d - ring of protection from fire
MPRegen  0.09/turn              b - ring of ice

@: strong-willed (expiring), on berserk cooldown, regenerating (expiring),
slowed, very slow
A: horns 2, retaliatory headbutt
a: Renounce Religion, Berserk, Trog's Hand


You were on level 3 of the Dungeon.
You worshipped Trog.
Trog was pleased with you.
You visited 1 branch of the dungeon, and saw 3 of its levels.

You collected 104 gold pieces.

Inventory:

Hand Weapons
 a - a +0 hand axe (weapon)
 e - a +0 hunting sling
Missiles
 c - 64 stones (quivered)
 k - 16 sling bullets
Armour
 m - a +0 ring mail
 o - a +0 scale mail (worn)
Jewellery
 b - a ring of ice (right hand)
 d - a ring of protection from fire (left hand)
 f - an amulet of guardian spirit (around neck)
Scrolls
 g - a scroll of enchant weapon {unknown}
 i - a scroll of blinking {unknown}
 l - a scroll of teleportation
 n - a scroll of fear {unknown}
Potions
 h - a potion of invisibility {unknown}
 j - a potion of heal wounds


   Skills:
 + Level 4.5 Fighting
 + Level 5.4 Axes
 + Level 3.7 Armour
 + Level 2.6 Dodging
 + Level 0.1 Stealth


You had 4 spell levels left.
You didn't know any spells.
Your spell library contained the following spells:

 Spells                   Type           Power      Damage    Failure   Level
 Foxfire                  Conj/Fire      0%         2x1d4     80%         1
 Conjure Flame            Conj/Fire      0%         6-21      99%         3
 Inner Flame              Hex/Fire       0%         N/A       99%         3


Dungeon Overview and Level Annotations

Branches:
Dungeon (3/15)

Altars:
Xom

Annotations:
D:3 Sigmund


Innate Abilities, Weirdness & Mutations

You have a pair of horns on your head.
You reflexively headbutt those who attack you in melee.


Message History

The puff of flame hits you! The adder misses you. You furiously retaliate!
You headbutt the adder.
You kill the adder!
Trog accepts your kill.
You have reached level 5!
You are no longer berserk.
You are exhausted.
You feel yourself slow down. Something hits you!
* * * LOW HITPOINT WARNING * * *
x2 You feel much better.
Something hits you but does no damage.
You closely miss something. Your headbutt misses something. Something hits you.
Something hits you!
You barely miss something. Something completely misses you.
Your scale mail prevents you from hitting something.
Your headbutt misses something.
You hear some strange, mumbled words.
You are confused.
You barely miss something. You headbutt something! Something hits you.
You miss something. Your headbutt misses something. Something hits you.
Something hits you.
* * * LOW HITPOINT WARNING * * *
x2 You see here a giant cockroach corpse.
You bump into the translucent rock wall.
Something hits you but does no damage.
You bump into the translucent rock wall.
You feel less confused. Something hits you but does no damage.
You hit something. Something hits you.
* * * LOW HITPOINT WARNING * * *
x2
Press: ? - help, v - describe, . - travel The floor.
Your skin crawls.
You feel strong-willed. Something hits you.
* * * LOW HITPOINT WARNING * * *
x2 You hit something.
Your headbutt misses something.
You feel the effects of Trog's Hand fading.
Something hits you!
You die...

.....#.....#.#.##
###...#.....#...####
.....#######.......
#.####..................
#.#....##.#####..####.##
#..................##...
..#.#.#...>.........####
#...(...................
..#.#.#@................
#.....{.................
#.#.#.#)................
#...$...................
##......................
########...............
##########...... ##.....
##....


There were no monsters in sight!

Vanquished Creatures
  3 gnolls (D:2)
  4 adders
  2 dart slugs (D:2)
  9 endoplasms
  5 giant cockroaches
  3 goblins
  7 hobgoblins
  9 jackals
  3 quokkas (D:1)
  8 ball pythons
  3 bats
  3 frilled lizards
  6 kobolds
  5 rats
70 creatures vanquished.

Vanquished Creatures (others)
  2 plants (D:3)
2 creatures vanquished.

Grand Total: 72 creatures vanquished

Notes
Turn   | Place    | Note
-------+----------+-------------------------------------------
     0 | D:1      | sable the Minotaur Berserker began the quest for the Orb.
     0 | D:1      | Reached XP level 1. HP: 19/19 MP: 0/0
   211 | D:1      | Reached skill level 4 in Axes
   211 | D:1      | Reached XP level 2. HP: 14/27 MP: 1/1
  1177 | D:1      | Reached XP level 3. HP: 29/33 MP: 2/2
  1242 | D:1      | Reached ** piety under Trog
  1860 | D:2      | Reached XP level 4. HP: 39/41 MP: 3/3
  2237 | D:2      | Found a faded altar of an unknown god.
  2349 | D:2      | Reached skill level 5 in Axes
  2581 | D:3      | Found a shimmering altar of Xom.
  2668 | D:3      | Noticed Sigmund
  2684 | D:3      | Reached XP level 5. HP: 31/47 MP: 2/4
  2697 | D:3      | Slain by Sigmund

Illustrated notes

Levels and vault maps discovered:
D:1:      matt_arrival_spirals, layout_basic
D:2:      layout_loops_corners, ebering_ecumenical_altar_ruins
D:3:      layout_rooms, amcnicky_altar_gilded, st_stairs_12,
          serial_bayou_pond_a, amethyst_killhole, glass_columns_b,
          grunt_decor_arrowhead, lemuel_flame_loot_1, uniq_sigmund

Skill      XL: |  1  2  3  4 |
---------------+-------------+-----
Axes           | 4 5 |  5.4
Fighting       | 4 |  4.5
Armour         | 3 |  3.7
Dodging        | |  2.6
Stealth        | |  0.1

Action                   |  1- 3 |  4- 6 || total
-------------------------+-------+-------++-------
Melee: Hand axe          |    91 |    44 ||   135
       Headbutt          |    15 |     9 ||    24
Throw: Stone             |       |     3 ||     3
Invok: Berserk           |       |     1 ||     1
       Trog's Hand       |       |     1 ||     1
  Use: Scroll            |       |     2 ||     2
       Potion            |       |     1 ||     1
Armor: Animal skin       |     2 |       ||     2
       Leather armour    |    17 |       ||    17
       Ring mail         |     9 |       ||     9
       Scale mail        |       |    15 ||    15
Dodge: Dodged            |    58 |    27 ||    85
